 Dungeon Crawl Stone Soup version 0.27.1-1-g398f81649c (webtiles) character file.

Game seed: 10884679934661998454

105 H0rd4k the Insei (level 4, 0/28 HPs)
             Began as an Octopode Transmuter on Sept 10, 2021.
             Slain by an orc (7 damage)
             ... on level 3 of the Dungeon.
             The game lasted 00:02:25 (2878 turns).

H0rd4k the Insei (Octopode Transmuter)              Turns: 2878, Time: 00:02:25

Health: 0/28       AC:  2    Str:  9    XL:     4   Next: 83%
Magic:  4/8        EV: 19    Int: 16    God:
Gold:   41         SH:  0    Dex: 17    Spells: 4/8 levels left

rFire    . . .     SeeInvis .     - Unarmed
rCold    . . .     Faith    .   (shield currently unavailable)
rNeg     . . .     Spirit   .   (helmet currently unavailable)
rPois    x         Reflect  .   j - amulet of magic regeneration
rElec    .         Harm     .   (no ring)
rCorr    .         Rampage  .   (no ring)
Will     .....                  (no ring)
Stlth    ++........             (no ring)
HPRegen  0.09/turn              (no ring)
MPRegen  0.36/turn              (no ring)
                                (no ring)
                                (no ring)

@: spider-form, very slightly contaminated
A: venomous fangs, almost no armour, (amphibious), 8 rings, tiny, (camouflage
1), (gelatinous body 1), (nimble swimmer 1), (tentacles)
a: End Transformation


You were on level 3 of the Dungeon.
You were a venomous arachnid creature.
You visited 1 branch of the dungeon, and saw 3 of its levels.

You collected 41 gold pieces.

Inventory:

Missiles
 h - a throwing net
Magical Staves
 m - a staff of fire
Jewellery
 j - an amulet of magic regeneration (around neck)
 k - a ring of poison resistance
Scrolls
 a - 2 scrolls of teleportation {unknown}
 e - a scroll of blinking {unknown}
 f - a scroll of identify {unknown}
 g - a scroll of enchant armour {unknown}
 l - a scroll of fear {unknown}
Potions
 b - a potion of heal wounds {unknown}
 c - a potion of curing {unknown}
 d - a potion of haste {unknown}
 i - a potion of attraction {unknown}


   Skills:
 + Level 1.0 Fighting
 + Level 2.3 Dodging
 + Level 4.2 Unarmed Combat
 * Level 2.7 Spellcasting
 * Level 2.6 Transmutations
 * Level 0.4 Poison Magic


You had 4 spell levels left.
You knew the following spells:

 Your Spells              Type           Power      Damage    Failure   Level
a - Beastly Appendage     Tmut           20%        N/A       17%         1
b - Spider Form           Tmut/Pois      3%         N/A       52%         3

Your spell library contained the following spells:

 Spells                   Type           Power      Damage    Failure   Level
 Wereblood                Tmut           10%        N/A       24%         2
 Frozen Ramparts          Ice            4%         1d2       71%         3
 Ice Form                 Ice/Tmut       6%         N/A       88%         4
 Summon Ice Beast         Ice/Summ       2%         N/A       96%         4


Dungeon Overview and Level Annotations

Branches:
Dungeon (3/15)

Altars:
Nemelex Xobeh
Uskayaw

Shops:
D:1 (

Annotations:
D:2 exclusion: 2 downstairs
D:3 Robin


Innate Abilities, Weirdness & Mutations

You are a venomous arachnid creature.
You have poisonous fangs.
You are tiny and dextrous.
Your spellcasting is less reliable in this form.
Your armour is entirely melded.
You are incapable of wielding weapons or throwing items.
You cannot wear most types of armour.
((You are amphibious.))
You can wear up to eight rings at the same time.
((Your skin changes colour to match your surroundings (Stealth+).))
((Your rubbery body absorbs attacks. (AC +1, EV +1)))
((You are camouflaged near water. (Stealth+)))
((You have tentacles for arms and can constrict up to eight enemies at once.))


Message History

Casting: Spider Form (extremely dangerous; 34% risk of failure)
Confirm with . or Enter, or press ? or * to list all spells.
The spell is extremely dangerous to cast (34% risk of failure)!
Continue anyway?
You miscast Spider Form.
You are very lightly contaminated with residual magic.
You feel incredibly sick.
You are poisoned.
You feel sick.
Casting: Spider Form (extremely dangerous; 34% risk of failure)
Confirm with . or Enter, or press ? or * to list all spells.
The spell is extremely dangerous to cast (34% risk of failure)!
Continue anyway?
You turn into a venomous arachnid creature.
You feel sick. The orc hits you but does no damage.
An orc comes into view. It is wielding a +0 mace.
You feel sick.
The orc shouts!
The orc priest completely misses you. The orc closely misses you.
You see here a +0 club.
You hit the orc priest.
The orc priest is lightly wounded.
You feel sick.
You are no longer poisoned.
The orc priest completely misses you.
You hit the orc priest.
The orc priest is poisoned.
The orc priest is moderately wounded.
The orc hits you with a +0 mace!
* * * LOW HITPOINT WARNING * * *
The orc priest barely misses you.
You hit the orc priest.
The orc priest looks as sick as possible!
The orc priest is heavily wounded.
The orc barely misses you. The orc priest barely misses you.
You barely miss the orc.
You kill the orc priest!
The orc completely misses you.
You hit the orc.
The orc is poisoned.
The orc is severely wounded.
You kill the orc!
The orc hits you with a +0 mace!
You die...

##### ..... ... ... #.# #o#
##s# ... #.)#
..........####..# ###
#.........##....###.#
#........##.#.##...#
..#......#.##......#.###### .
......#.#..#...........## ..
......................##
#..####.##..................#


You could see an orc.

Vanquished Creatures
  An orc priest (D:3)
  4 adders
  A worm (D:2)
  3 orcs
  A bat (D:3)
  4 endoplasms
  2 giant cockroaches
  8 goblins
  A hobgoblin (D:1)
  A quokka (D:2)
  3 ball pythons
  2 frilled lizards
  2 kobolds
  5 rats
38 creatures vanquished.

Notes
Turn   | Place    | Note
-------+----------+-------------------------------------------
     0 | D:1      | H0rd4k the Octopode Transmuter began the quest for the Orb.
     0 | D:1      | Reached XP level 1. HP: 13/13 MP: 3/3
   138 | D:1      | Found Yrruw's Antique Weapon Emporium.
   181 | D:1      | You fall into a shaft and drop 1 floor!
   446 | D:2      | Reached XP level 2. HP: 10/18 MP: 5/5
   948 | D:2      | Reached XP level 3. HP: 22/23 MP: 6/6
   952 | D:2      | Learned a level 3 spell: Spider Form
  1611 | D:1      | Found a faded altar of an unknown god.
  2354 | D:3      | Reached skill level 4 in Unarmed Combat
  2354 | D:3      | Reached XP level 4. HP: 23/28 MP: 3/7
  2380 | D:3      | Noticed Robin
  2399 | D:3      | Found a sparkling altar of Nemelex Xobeh.
  2783 | D:3      | Found a hide-covered altar of Uskayaw.
  2878 | D:3      | Slain by an orc

Illustrated notes

Levels and vault maps discovered:
D:1:      shiori_arrival_oz, layout_basic, serial_shops, nicolae_shop_crystal,
          hellmonk_ecumenical_altar_inner_sanctum
D:2:      layout_basic
D:3:      layout_rooms, mainiacjoe_overflow_catwalk_spiral, uniq_robin

Skill      XL: |  1  2  3 |
---------------+----------+-----
Unarmed Combat | 4 |  4.2
Fighting       | |  1.0
Dodging        | |  2.3
Spellcasting   | |  2.7
Transmutations | |  2.6
Poison Magic   | |  0.4

Action                   |  1- 3 |  4- 6 || total
-------------------------+-------+-------++-------
Melee: Unarmed           |    73 |    28 ||   101
       Tentacles         |    12 |     4 ||    16
       Constrict         |    16 |     8 ||    24
       Punch             |     2 |       ||     2
 Cast: Spider Form       |     1 |     1 ||     2
 Stab: Sleeping          |     9 |     1 ||    10
       Distracted        |       |     1 ||     1
Armor: Skin              |     1 |     3 ||     4
Dodge: Dodged            |    43 |    23 ||    66
